 Dungeon Crawl Stone Soup version 0.28.0-45-g0d030f2227 (webtiles) character file.

Game seed: 5689084434468177173

1407 seaoflcl the Covered (level 9, -8/69 HPs)
             Began as a Human Fighter on Apr 24, 2022.
             Killed by divine providence
             ... invoked by an orc priest
              (15 damage)
             ... on level 6 of the Dungeon.
             The game lasted 00:07:08 (6838 turns).

seaoflcl the Covered (Human Fighter)                Turns: 6838, Time: 00:07:08

Health: -8/69      AC: 12    Str: 20    XL:     9   Next: 1%
Magic:  9/9        EV:  8    Int:  8    God:
Gold:   259        SH:  6    Dex: 20    Spells: 8/8 levels left

rFire   . . .      SeeInvis .   p - +3 flail
rCold   . . .      Faith    .   c - +0 buckler
rNeg    . . .      Spirit   .   r - +0 chain mail
rPois   .          Reflect  .   f - +1 helmet
rElec   .          Harm     .   (no cloak)
rCorr   .          Rampage  .   (no gloves)
Will    .....                   (no boots)
Stlth   ..........              (no amulet)
HPRegen 0.21/turn               i - +6 ring of dexterity
MPRegen 0.11/turn               (no ring)

@: no status effects
A: no striking features
a: no special abilities


You were on level 6 of the Dungeon.
You visited 1 branch of the dungeon, and saw 6 of its levels.

You collected 259 gold pieces.

Inventory:

Hand Weapons
 a - a +0 long sword
 h - a +1 mace of protection
 k - a +0 hunting sling
 p - a +3 flail (weapon)
 z - a +0 giant club
Missiles
 g - 69 sling bullets
Armour
 c - a +0 buckler (worn)
 f - a +1 helmet (worn)
 r - a +0 chain mail (worn)
Jewellery
 i - a +6 ring of dexterity (left hand)
Scrolls
 b - a scroll of acquirement
 d - a scroll of holy word {unknown}
 j - 3 scrolls of vulnerability
 l - 3 scrolls of teleportation
 o - a scroll of immolation {unknown}
 t - a scroll of noise {unknown}
 u - 2 scrolls of magic mapping {unknown}
 x - a scroll of amnesia {unknown}
 y - a scroll of fog {unknown}
 A - a scroll of blinking {unknown}
Potions
 e - 2 potions of invisibility
 m - a potion of ambrosia {unknown}
 n - 3 potions of lignification
 q - a potion of attraction {unknown}
 s - a potion of degeneration {unknown}
 v - a potion of flight {unknown}
 w - a potion of curing {unknown}


   Skills:
 + Level 5.7 Fighting
 + Level 4.6 Long Blades
 + Level 3.2 Maces & Flails
 + Level 6.0 Armour
 + Level 0.9 Dodging
 + Level 0.3 Stealth
 + Level 5.6 Shields


You had 8 spell levels left.
You didn't know any spells.
Your spell library contained the following spells:

 Spells                   Type           Power      Damage    Failure   Level
 Ensorcelled Hibernation  Hex/Ice        0%         N/A       100%        2
 Static Discharge         Conj/Air       0%         N/A       100%        2
 Dazzling Flash           Conj/Hex       0%         N/A       100%        3
 Spider Form              Tmut/Pois      0%         N/A       100%        3
 Anguish                  Hex/Necr       0%         N/A       100%        4
 Dispel Undead            Necr           0%         3d6       100%        4
 Sticky Flame             Conj/Fire      0%         2d3       100%        4
 Agony                    Necr           0%         N/A       100%        5
 Silence                  Hex/Air        0%         N/A       100%        5


Dungeon Overview and Level Annotations

Branches:
Dungeon (6/15)
 Temple: D:4-7

Altars:
Makhleb
Nemelex Xobeh
Sif Muna
Uskayaw

Shops:
D:3 [

Annotations:
D:4 3 runed translucent doors, rumses's ghost, amateur TrFi


Message History

The orc priest calls down the wrath of Beogh upon you.
You struggle to resist.
The orc priest looks braver for a moment.
Things that are here:
a +0 short sword; a +0 flail You sock the orc priest!
The orc priest is heavily wounded.
The orc priest looks satisfied for a moment.
You hit the orc priest.
The orc priest is severely wounded.
The orc priest looks encouraged for a moment.
You barely miss the orc priest.
The orc priest is severely wounded.
The orc priest mumbles some strange prayers to Beogh against you.
You struggle to resist.
The orc priest hits you but does no damage.
You barely miss the orc priest.
The orc priest is severely wounded.
The orc priest calls down the wrath of Beogh upon you.
Beogh smites you!
You barely miss the orc priest.
The orc priest is severely wounded.
The orc priest hits you with a +0 morningstar!
You hit the orc priest.
The orc priest is almost dead.
The orc priest invokes the aid of Beogh against you.
Beogh smites you!
The orc priest mumbles some strange prayers to Beogh against you.
Beogh smites you!
* * * LOW HITPOINT WARNING * * *
You barely miss the orc priest.
The orc priest is almost dead.
The orc priest calls down the wrath of Beogh upon you.
Beogh smites you!
* * * LOW HITPOINT WARNING * * *
You hit the orc priest but do no damage.
The orc priest is almost dead.
The orc priest calls down the wrath of Beogh upon you.
Beogh smites you!
You die...

# ##### #. #....
...##.########## #.# #
.... ....$..)@o......
>.# #.#
#..#########.#########
#.# #.#
#..#.................#
#.#.#.#
##..#.#######.#######.#
#.#.#.# ##.....#
##.#######.# #.# ...
#...<..# #..........#
#.# #.# ....#.#.##
#..........# #.###.#
... #.#..# #..........#
#...#.. .. #.#..#
#..........###......


You could see an orc priest.

Vanquished Creatures
  Sigmund (D:4)
  A sky beast (D:5)
  4 ogres
  A necrophage (D:5)
  A phantom (D:6)
  A bullfrog (D:6)
  A scorpion (D:5)
  2 howler monkeys
  A centaur zombie (D:6)
  2 hounds (D:5)
  2 orc priests (D:6)
  A jelly (D:5)
  3 iguanas
  A hound skeleton (D:5)
  A howler monkey zombie (D:6)
  11 adders
  An ufetubus (D:5)
  An adder skeleton (D:4)
  A worm (D:2)
  2 dart slugs
  13 orcs
  5 endoplasms
  4 giant cockroaches
  2 goblins
  6 hobgoblins
  4 jackals
  4 kobolds
  A quokka (D:1)
  8 ball pythons
  5 bats
  A frilled lizard (D:2)
  6 rats
98 creatures vanquished.

Notes
Turn   | Place    | Note
-------+----------+-------------------------------------------
     0 | D:1      | seaoflcl the Human Fighter began the quest for the Orb.
     0 | D:1      | Reached XP level 1. HP: 18/18 MP: 1/1
   438 | D:1      | Reached XP level 2. HP: 24/24 MP: 2/2
   896 | D:2      | Reached XP level 3. HP: 28/29 MP: 3/3
   907 | D:2      | Found a sparkling altar of Nemelex Xobeh.
  1222 | D:2      | Reached XP level 4. HP: 35/35 MP: 4/4
  1955 | D:3      | Found Odett's Armour Shop.
  2014 | D:3      | Reached XP level 5. HP: 41/41 MP: 5/5
  2406 | D:3      | Found a burning altar of Makhleb.
  2966 | D:4      | Noticed an ogre
  2974 | D:4      | HP: 2/42 [ogre/+0 giant club (19)]
  2975 | D:4      | Killed an ogre
  2976 | D:4      | Reached skill level 4 in Armour
  2976 | D:4      | Reached XP level 6. HP: 3/48 MP: 6/6
  3444 | D:4      | Noticed an ogre
  3463 | D:4      | Killed an ogre
  3800 | D:4      | Found a runed translucent gate.
  3829 | D:4      | Found a runed translucent gate.
  3830 | D:4      | Found a runed translucent gate.
  3832 | D:4      | Noticed rumses's ghost (amateur TrFi)
  3839 | D:4      | Identified a scroll of acquirement
  3867 | D:4      | Reached XP level 7. HP: 55/55 MP: 7/7
  3998 | D:4      | Noticed Sigmund
  4005 | D:4      | Killed Sigmund
  4504 | D:5      | Entered Level 5 of the Dungeon
  4653 | D:5      | Reached skill level 5 in Armour
  5018 | D:5      | Reached skill level 5 in Shields
  5090 | D:5      | Found a shimmering blue altar of Sif Muna.
  5146 | D:5      | Reached skill level 5 in Fighting
  5146 | D:5      | Reached XP level 8. HP: 50/62 MP: 8/8
  5600 | D:5      | Reached skill level 1 in Maces & Flails
  6191 | D:6      | Found a hide-covered altar of Uskayaw.
  6782 | D:6      | Reached skill level 6 in Armour
  6785 | D:6      | Reached XP level 9. HP: 69/69 MP: 9/9
  6838 | D:6      | Killed from afar by an orc priest

Illustrated notes

Levels and vault maps discovered:
D:1:      scummos_arrival_hexagon, layout_basic, minmay_pentomino_r2
D:2:      layout_loops_cross, basic_altar, minivault_26, patterned_corridor
D:3:      minmay_door_path, layout_loops_ring, bloody_makhleb, serial_shops,
          nicolae_shop_behind_doors
D:4:      layout_basic, gammafunk_ghost_nasty_kobolds,
          chequers_serial_rivers_small_3, uniq_sigmund
D:5:      layout_loops_ring, nicolae_sif_muna_condensation
D:6:      layout_basic, nicolae_vehumet_altar_sigil, nicolae_uskayaw_suspiria,
          marbit_many_paths, amcnicky_altar_gilded, skrybe_limestone_x

Skill      XL: |  1  2  3  4  5  6  7  8 |
---------------+-------------------------+-----
Long Blades    | 3 4 |  4.6
Fighting       | 4 5 |  5.7
Armour         | 4 5 6 |  6.0
Shields        | 4 5 |  5.6
Maces & Flails | 3 |  3.2
Dodging        | |  0.9
Stealth        | |  0.3

Action                   |  1- 3 |  4- 6 |  7- 9 || total
-------------------------+-------+-------+-------++-------
Melee: Long sword        |    38 |       |       ||    38
       Mace              |    44 |    48 |       ||    92
       Flail             |       |    53 |   171 ||   224
  Use: Potion            |       |     1 |     1 ||     2
       Scroll            |       |     5 |     1 ||     6
Armor: Scale mail        |    53 |    26 |       ||    79
       Chain mail        |       |    20 |    84 ||   104
Dodge: Dodged            |    46 |    51 |    49 ||   146
Block: Buckler           |    33 |    21 |    43 ||    97
